 Dungeon Crawl Stone Soup version 0.28.0 (webtiles) character file.

Game seed: 16005977576725615683

9837 browni3141 the Cleaver (level 11, -2/151 HPs)
             Began as a Minotaur Berserker on Feb 17, 2022.
             Was an Elder of Trog.
             Slain by a komodo dragon (23 damage)
             ... on level 1 of the Lair of Beasts.
             The game lasted 00:05:50 (10556 turns).

browni3141 the Cleaver (Minotaur Berserker)        Turns: 10556, Time: 00:05:51

Health: -2/151     AC: 17    Str: 25    XL:     11   Next: 28%
Magic:  3/3        EV: 11    Int:  4    God:    Trog [****..]
Gold:   447        SH:  5    Dex: 11    Spells: 10/10 levels left

rFire   . . .      SeeInvis .   O - +0 war axe (antimagic)
rCold   . . .      Faith    .   A - +0 buckler
rNeg    . . .      Spirit   .   y - +0 plate armour
rPois   .          Reflect  .   (helmet restricted)
rElec   .          Harm     .   q - +0 cloak
rCorr   .          Rampage  .   (no gloves)
Will    .....                   r - +0 pair of boots
Stlth   ..........              g - amulet of regeneration
HPRegen 1.15/turn               L - ring of flight
MPRegen 0.08/turn               E - +4 ring of evasion

@: berserking, flying, very quick
A: horns 2, retaliatory headbutt
a: Renounce Religion, Berserk, Trog's Hand, Brothers in Arms


You were on level 1 of the Lair of Beasts.
You worshipped Trog.
Trog was greatly pleased with you.
You visited 3 branches of the dungeon, and saw 12 of its levels.

You collected 501 gold pieces.
You spent 54 gold pieces at shops.


Innate Abilities, Weirdness & Mutations

You have a pair of horns on your head.
You reflexively headbutt those who attack you in melee.


   Skills:
 + Level 10.5 Fighting
 * Level 14.2 Axes
 + Level 10.1 Armour
 - Level 2.1 Dodging
 + Level 8.1 Shields


You had 10 spell levels left.
You didn't know any spells.
Your spell library was empty.

Inventory:

Hand Weapons
 a - a +0 hand axe
 u - a +1 hand axe of freezing
 O - a +0 antimagic war axe (weapon)
Missiles
 G - 4 curare-tipped darts (quivered) {@f4}
Armour
 b - a +0 animal skin
 e - a +0 chain mail
 q - a +0 cloak (worn)
 r - a +0 pair of boots (worn)
 y - a +0 plate armour (worn)
 A - a +0 buckler (worn)
Jewellery
 g - an amulet of regeneration (around neck)
 o - an amulet of the acrobat
 E - a +4 ring of evasion (right hand)
 L - a ring of flight (left hand)
Wands
 l - a wand of digging (15)
 w - a wand of iceblast (9)
Scrolls
 c - 9 scrolls of identify {unknown}
 i - 4 scrolls of immolation {!r}
 j - 3 scrolls of vulnerability {unknown}
 m - 2 scrolls of blinking {unknown}
 n - 2 scrolls of amnesia {unknown}
 s - a scroll of enchant armour {unknown}
 t - 2 scrolls of enchant weapon {unknown}
 x - 4 scrolls of teleportation {unknown}
 B - 2 scrolls of magic mapping {unknown}
 C - a scroll of acquirement {unknown}
 J - a scroll of fog {unknown}
 N - a scroll of noise {unknown}
Potions
 d - a potion of berserk rage {unknown}
 f - 2 potions of lignification {unknown}
 h - a potion of curing {unknown}
 k - 2 potions of might {unknown}
 p - a potion of attraction {unknown}
 v - a potion of flight {unknown}
 z - a potion of mutation {unknown}
 D - a potion of resistance {unknown}
 F - a potion of cancellation {unknown}
 H - a potion of degeneration {unknown}
 I - 2 potions of heal wounds {unknown}
 K - 2 potions of haste {unknown}
 M - a potion of ambrosia {unknown}

Dungeon Overview and Level Annotations

Branches:
Dungeon (10/15)            Temple (1/1) D:5            Lair (1/6) D:10
    Orc: D:9-12

Altars:
Ashenzari
Cheibriados
Gozag
Nemelex Xobeh
Okawaru
Qazlal
Vehumet
Wu Jian
Zin

Shops:
D:1 !(([* D:7

* #..........
...#.###... ##......
........... ## #..####.
.....8.....#.# ##.## ##
##.......##?.# #..#
...8...8.#...# #..#
##.......##..# #.##
.....8......# ###..#
......l@....####...##
..####..#..$†.#.#..####
#####.†...........
###....>.#.....
....###...#....# .....
#######..# ..... ..#
..... .# .....


You could see a komodo dragon.


Message History

The komodo dragon is heavily wounded.
You feel sick.
You are no longer poisoned.
The komodo dragon bites you.
You hit the komodo dragon but do no damage.
The komodo dragon is heavily wounded.
The komodo dragon bites you!
* * * LOW HITPOINT WARNING * * *
You hit the komodo dragon.
The komodo dragon is heavily wounded.
The komodo dragon bites you but does no damage.
You barely miss the komodo dragon.
The komodo dragon is heavily wounded.
You block the komodo dragon's attack.
You barely miss the komodo dragon. You headbutt the komodo dragon!
The komodo dragon is severely wounded.
You hit the komodo dragon but do no damage.
You headbutt the komodo dragon, but do no damage.
The komodo dragon is severely wounded.
The komodo dragon bites you!!
* * * LOW HITPOINT WARNING * * *
You are too injured to fight recklessly!
You are too injured to fight recklessly!
A red film seems to cover your vision as you go berserk!
You feel yourself moving faster!
You feel mighty! The komodo dragon bites you!
* * * LOW HITPOINT WARNING * * *
You closely miss the komodo dragon.
The komodo dragon is severely wounded.
The komodo dragon bites you!!
You die...

Skill      XL: |  1  2  3  4  5  6  7  8  9 10 11 |
---------------+----------------------------------+-----
Axes           | 4 5 6 7 8 10 12 13 14 | 14.2
Fighting       | 4 5 6 7 8 10 | 10.5
Armour         | 3 4 5 7 8 9 10 | 10.1
Shields        | 3 5 7 8 |  8.1
Dodging        | |  2.1

Action                   |  1- 3 |  4- 6 |  7- 9 | 10-12 || total
-------------------------+-------+-------+-------+-------++-------
Melee: Hand axe          |    60 |    95 |   264 |   174 ||   593
       Headbutt          |     8 |    21 |    49 |    55 ||   133
       Punch             |       |     1 |       |       ||     1
       War axe           |       |       |       |    54 ||    54
Invok: Berserk           |     1 |     3 |     8 |     5 ||    17
       Trog's Hand       |       |       |     1 |       ||     1
Armor: Animal skin       |     3 |       |       |       ||     3
       Chain mail        |    30 |    49 |    36 |       ||   115
       Plate armour      |       |       |    83 |    75 ||   158
Dodge: Dodged            |    36 |    41 |    96 |    76 ||   249
Block: Buckler           |       |       |    38 |    36 ||    74

Levels and vault maps discovered:
D:1:      minmay_arrival_stone_box, layout_rooms,
          dilly_ecumenical_altar_fadedgnrine, serial_shops, nicolae_square_shop,
          shop_fountains, nicolae_lakefront_shop, nicolae_shop_window_shopping,
          shop
D:2:      layout_loops_ring, kennysheep_generic_room_7, uniq_robin
D:3:      layout_loops_ring, mainiacjoe_overflow_alcove_2, st_stairs_14,
          kennysheep_generic_room_3
D:4:      cheibrodos_greedy_goblins, layout_basic, uniq_edmund,
          uniq_blork_the_orc
D:5:      layout_loops_ring, amcnicky_altar_gilded, temple_statues,
          uniq_menkaure, uniq_crazy_yiuf_cottage, uniq_ijyb
D:6:      layout_basic, ebering_ghost_inner_flame
D:7:      layout_gridville, old_standard_altar, serial_shops, shop
D:8:      layout_basic, kennysheep_slug_shrine
D:9:      layout_roguey
D:10:     layout_loops_ring, nicolae_overflow_squiral,
          erik_lair_orcish_takeover, uniq_psyche, uniq_nergalle
Temple:   compressed_dpeg_circular_temple
Lair:1:   layout_chaotic_city, infiniplex_staircase_pool, grunt_megastairs_4,
          uniq_fannar

Notes
Turn   | Place    | Note
-------+----------+-------------------------------------------
     0 | D:1      | browni3141 the Minotaur Berserker began the quest for the
                  | Orb.
     0 | D:1      | Reached XP level 1. HP: 19/19 MP: 0/0
   201 | D:1      | Found Qireni's Armour Boutique.
   279 | D:1      | Reached skill level 4 in Axes
   279 | D:1      | Reached XP level 2. HP: 27/27 MP: 1/1
   351 | D:1      | Found Ugyul's General Store.
   424 | D:1      | Found Fuddoaff's Antique Weapon Boutique.
   498 | D:1      | Found Zeinor's Antique Weapon Shop.
   552 | D:1      | Found a faded altar of an unknown god.
   594 | D:1      | Reached skill level 4 in Fighting
   769 | D:2      | Reached skill level 3 in Armour
   769 | D:2      | Reached XP level 3. HP: 29/33 MP: 2/2
  1033 | D:2      | Noticed Robin
  1035 | D:2      | Reached ** piety under Trog
  1045 | D:2      | Killed Robin
  1046 | D:2      | Reached skill level 5 in Axes
  1046 | D:2      | Reached XP level 4. HP: 27/41 MP: 3/3
  1837 | D:3      | Found an opulent altar of Gozag.
  2550 | D:4      | Noticed Blork the orc
  2558 | D:4      | Killed Blork the orc
  2559 | D:4      | Reached skill level 4 in Armour
  2559 | D:4      | Reached XP level 5. HP: 47/47 MP: 4/4
  2724 | D:4      | Reached skill level 6 in Axes
  2729 | D:4      | Reached skill level 5 in Fighting
  2798 | D:4      | Noticed Edmund
  2809 | D:4      | Killed Edmund
  2810 | D:4      | Reached XP level 6. HP: 34/55 MP: 5/5
  3200 | D:4      | Reached skill level 7 in Axes
  3204 | D:4      | HP: 2/84 [gnoll (7)]
  3644 | D:4      | Reached skill level 5 in Armour
  3644 | D:4      | Reached XP level 7. HP: 58/62 MP: 6/6
  3712 | D:4      | Reached *** piety under Trog
  4005 | D:5      | Entered Level 5 of the Dungeon
  4009 | D:5      | Found a staircase to the Ecumenical Temple.
  4070 | D:5      | Noticed Ijyb
  4074 | D:5      | Killed Ijyb
  4074 | D:5      | Noticed Menkaure
  4075 | D:5      | Reached skill level 6 in Fighting
  4083 | D:5      | Killed Menkaure
  4084 | D:5      | Reached skill level 8 in Axes
  4399 | D:5      | Found a runed translucent door.
  4400 | D:5      | Noticed Crazy Yiuf
  4695 | D:5      | Found a broken altar of Ashenzari.
  5031 | D:5      | Killed Crazy Yiuf
  5032 | D:5      | Reached XP level 8. HP: 70/70 MP: 7/7
  5337 | D:1      | Bought a +0 buckler for 54 gold pieces
  5438 | Temple   | Entered the Ecumenical Temple
  5496 | D:6      | Found a runed translucent door.
  5496 | D:6      | Noticed Clumpoid's ghost (novice GnFi)
  5503 | D:6      | Reached skill level 6 in Armour
  5609 | D:6      | Reached skill level 9 in Axes
  5609 | D:6      | Reached skill level 1 in Shields
  5844 | D:6      | Noticed a cyclops
  5864 | D:6      | Killed a cyclops
  5865 | D:6      | Reached skill level 7 in Fighting
  5865 | D:6      | Reached skill level 2 in Shields
  6157 | D:6      | Noticed a komodo dragon
  6163 | D:6      | Killed a komodo dragon
  6164 | D:6      | Reached skill level 10 in Axes
  6164 | D:6      | Reached skill level 7 in Armour
  6164 | D:6      | Reached skill level 3 in Shields
  6314 | D:6      | Reached XP level 9. HP: 79/79 MP: 8/8
  6570 | D:6      | Killed Clumpoid's ghost
  6571 | D:6      | Reached skill level 8 in Fighting
  6571 | D:6      | Reached skill level 4 in Shields
  6871 | D:7      | Found an ornate altar of the Wu Jian Council.
  6874 | D:7      | Reached skill level 11 in Axes
  6964 | D:7      | Found Myfegas's Assorted Antiques.
  7283 | D:7      | Reached skill level 8 in Armour
  7283 | D:7      | Reached skill level 5 in Shields
  8344 | D:8      | Reached **** piety under Trog
  8364 | D:8      | Found a snail-covered altar of Cheibriados.
  8719 | D:8      | Reached skill level 12 in Axes
  8723 | D:8      | Reached XP level 10. HP: 81/90 MP: 9/9
  8741 | D:8      | Reached skill level 9 in Fighting
  8750 | D:8      | Reached skill level 6 in Shields
  9302 | D:10     | Entered Level 10 of the Dungeon
  9302 | D:10     | Noticed a boulder beetle
  9326 | D:10     | Killed a boulder beetle
  9327 | D:10     | Reached skill level 9 in Armour
  9392 | D:10     | Found a staircase to the Lair.
  9392 | D:10     | Noticed Nergalle
  9400 | D:10     | Reached skill level 13 in Axes
  9407 | D:10     | Reached skill level 7 in Shields
  9408 | D:10     | Killed Nergalle
  9723 | D:10     | Reached skill level 10 in Fighting
  9742 | D:10     | Reached XP level 11. HP: 54/99 MP: 10/10
  9914 | D:10     | Noticed Psyche
  9916 | D:10     | Found a stormy altar of Qazlal.
  9925 | D:10     | Killed Psyche
  9927 | D:10     | Found an iron altar of Okawaru.
 10232 | Lair:1   | Entered Level 1 of the Lair of Beasts
 10287 | Lair:1   | Reached skill level 14 in Axes
 10287 | Lair:1   | Reached skill level 10 in Armour
 10380 | Lair:1   | Reached skill level 8 in Shields
 10556 | Lair:1   | Slain by a komodo dragon

Vanquished Creatures
  A boulder beetle (D:10)
  Nergalle (D:10)
  The ghost of Clumpoid the Shield-Bearer, a novice GnFi (D:6)
  A cyclops (D:6)
  A black mamba (Lair:1)
  3 cane toads (Lair:1)
  Psyche (D:10)
  A komodo dragon (D:6)
  2 wraiths
  12 yaks
  A steam dragon (D:7)
  Menkaure (D:5)
  Edmund (D:4)
  3 wargs (D:10)
  An acid dragon (D:10)
  A water moccasin (D:9)
  2 black bears
  A hornet zombie (D:7)
  An ice beast (D:7)
  A necrophage (D:7)
  4 wolves (Lair:1)
  An ogre (D:5)
  A phantom (D:6)
  3 centaurs
  2 kobold brigands
  Blork the orc (D:4)
  A bullfrog (D:9)
  A scorpion (D:6)
  4 howler monkeys
  9 wights
  2 electric eels
  A centaur zombie (D:7)
  2 gnoll shamans
  2 centaur skeletons (D:7)
  8 orc priests
  Crazy Yiuf (D:5)
  2 bullfrog skeletons
  An iguana (D:6)
  Ijyb (D:5)
  11 orc wizards
  A killer bee zombie (D:8)
  Robin (D:2)
  9 gnolls
  A howler monkey skeleton (D:7)
  6 adders
  2 shadow imps
  2 white imps (D:5)
  An ufetubus (D:4)
  An adder zombie (D:5)
  A worm (D:4)
  4 dart slugs
  29 orcs
  7 ball pythons
  3 bats
  7 endoplasms
  2 giant cockroaches
  22 goblins
  8 hobgoblins
  4 quokkas
  16 kobolds
  2 rats
224 creatures vanquished.

Vanquished Creatures (others)
  A fungus (Lair:1)
  3 plants (D:1)
4 creatures vanquished.

Grand Total: 228 creatures vanquished

Table legend: (Time is in decaauts)
 A = Elapsed time spent in this place.
 B = Non-inter-level travel time spent in this place.
 C = Inter-level travel time spent in this place.
 D = Time resting spent in this place.
 E = Time spent auto-exploring this place.
 F = Levels seen in this place.
 G = Mean time per level.
                   A        B        C        D        E       F      G
               +--------+--------+--------+--------+--------+-----+--------+
         Total |  10654 |  10115 |    539 |   1819 |   6782 |  12 |  887.8 |
       Dungeon |  10326 |   9787 |    539 |   1662 |   6664 |  10 | 1032.6 |
        Temple |      1 |      1 |      0 |      0 |      0 |   1 |    1.0 |
          Lair |    326 |    326 |      0 |    157 |    118 |   1 |  326.0 |
               +--------+--------+--------+--------+--------+-----+--------+

Top non-repeatable levels by time:
     D:4: 1519 daAuts
     D:6: 1423 daAuts
     D:5: 1296 daAuts
     D:7: 1253 daAuts
     D:2: 1049 daAuts
    D:10: 921 daAuts
     D:3: 861 daAuts
     D:1: 784 daAuts
     D:8: 732 daAuts
     D:9: 484 daAuts
  Lair:1: 326 daAuts
  Temple: 1 daAuts

Table legend:
 A = Non-vault XP
 B = Vault XP
 C = Vault XP percentage of total XP
 D = Non-vault monster count
 E = Vault monster count
 F = Vault count percentage of total count
                 A         B        C        D         E       F
            +---------+---------+-------+---------+---------+-------
      Total |   10504 |    3550 |  25.3 |     175 |      49 |  21.9
            +---------+---------+-------+---------+---------+-------
        D:1 |      31 |       0 |   0.0 |      17 |       0 |   0.0
        D:2 |      51 |      53 |  51.0 |       9 |      15 |  62.5
        D:3 |      30 |       4 |  11.8 |      10 |       2 |  16.7
        D:4 |     326 |     284 |  46.6 |      27 |      12 |  30.8
        D:5 |     402 |     245 |  37.9 |      16 |       3 |  15.8
        D:6 |    1605 |     732 |  31.3 |      18 |       2 |  10.0
        D:7 |    1105 |       0 |   0.0 |      15 |       0 |   0.0
        D:8 |    1626 |       4 |   0.2 |      27 |       1 |   3.6
        D:9 |     718 |       0 |   0.0 |      14 |       0 |   0.0
       D:10 |    2868 |    1770 |  38.2 |      17 |      10 |  37.0
     Lair:1 |    1742 |     458 |  20.8 |       5 |       4 |  44.4
            +---------+---------+-------+---------+---------+-------
